 Dungeon Crawl Stone Soup version 0.23.2-1-ga50397a6bc (webtiles) character file.

Game seed: 7925085494094011751

140 Morbidden the Gusty (level 5, -4/29 HPs)
             Began as a Tengu Air Elementalist on May 4, 2019.
             Killed by divine providence
             ... invoked by an orc priest
              (9 damage)
             ... on level 3 of the Dungeon on May 5, 2019.
             The game lasted 00:05:17 (2235 turns).

Morbidden the Gusty (Tengu Air Elementalist)        Turns: 2235, Time: 00:05:17

Health: -4/29      AC:  2    Str:  9    XL:     5   Next: 22%
Magic:  0/9        EV: 15    Int: 16    God:
Gold:   77         SH:  0    Dex: 14    Spells: 8/9 levels left

rFire    . . .     SeeInvis .     - Unarmed
rCold    . . .     Gourm    .   (no shield)
rNeg     . . .     Faith    .   a - +0 robe
rPois    .         Spirit   .   (helmet restricted)
rElec    .         Reflect  .   (no cloak)
rCorr    .         Harm     .   (no gloves)
MR       .....                  (boots unavailable)
Stlth    ++........             (no amulet)
HPRegen  0.09/turn              (no ring)
MPRegen  0.11/turn              (no ring)

@: flying quickly and evasively, very slightly contaminated, quick
A: beak, talons 3, able to fly
a: Stop Flying


You were on level 3 of the Dungeon.
You were not hungry.

You visited 1 branch of the dungeon, and saw 3 of its levels.

You collected 77 gold pieces.

Inventory:

Armour
 a - a +0 robe (worn)
Jewellery
 j - an uncursed ring of fire
Scrolls
 b - a scroll of enchant armour {unknown}
 f - a scroll of fear {unknown}
 h - a scroll of magic mapping {unknown}
 i - 2 scrolls of teleportation {unknown}
 k - 2 scrolls of identify {unknown}
 l - a scroll of random uselessness {unknown}
 n - a scroll of enchant weapon {unknown}
Potions
 d - a potion of heal wounds {unknown}
 e - 2 potions of flight {unknown}
 g - 2 potions of curing {unknown}
 m - a potion of mutation {unknown}
Comestibles
 c - 4 rations
 o - 3 chunks of flesh


   Skills:
 * Level 1.6 Fighting
 + Level 2.5 Dodging
 + Level 2.2 Stealth
 * Level 2.0 Unarmed Combat
 + Level 2.6 Spellcasting
 + Level 2.5 Conjurations
 + Level 5.1 Air Magic


You had 8 spell levels left.
You knew the following spells:

 Your Spells              Type           Power        Failure   Level  Hunger
a - Shock                 Conj/Air       ##..         4%          1    #......

Your spell library contained the following spells:

 Spells                   Type           Power        Failure   Level  Hunger
 Swiftness                Chrm/Air       ##......     11%         2    ##.....
 Static Discharge         Conj/Air       ##......     12%         3    ###....
 Airstrike                Air            ###.......   24%         4    #####..
 Lightning Bolt           Conj/Air       ##........   75%         5    ######.


Dungeon Overview and Level Annotations

Branches:
Dungeon (3/15)

Altars:


Innate Abilities, Weirdness & Mutations

You have a beak for a mouth.
You have claws for feet.
You can fly continuously.


Message History

You are too injured to fight recklessly!
You are too injured to fight recklessly!
Unknown command.
You hit the orc priest.
The orc priest is almost dead.
A rat comes into view.
The orc priest hits you with a +0 dagger.
You closely miss the orc priest. You claw the orc priest.
The orc priest is almost dead.
The orc priest barely misses you.
You completely miss the orc priest.
The orc priest is almost dead.
The orc priest hits you with a +0 dagger.
* * * LOW HITPOINT WARNING * * *
Unknown command.
You hit the orc priest but do no damage.
The orc priest is almost dead.
The orc priest invokes the aid of Beogh against you.
Beogh smites you!
You die...

#.........###..#..>#
#######............##
#........##....#
#......#.##....#
.........#..#.##)########
....#>....##.# #.#......#
.....#...###.# #.#......#
...#.....# #.# #.#.[....#
.. .#..#..##@#.
#).......#
........o#.##........#
##........#.........#
#..................#
#....r............##
#.....).##...##......
#).......#...##.#####
.......#..w...# # ..
#S.....#


You could see an orc priest and a rat.

Vanquished Creatures
  An orc priest (D:3)
  4 gnolls
  2 adders (D:2)
  A worm (D:3)
  2 leopard geckos
  2 orcs
  3 bats
  2 giant cockroaches (D:2)
  9 goblins
  5 hobgoblins
  8 kobolds
  A ball python (D:2)
  8 frilled lizards
  4 rats
52 creatures vanquished.

Notes
Turn   | Place    | Note
-------+----------+-------------------------------------------
     0 | D:1      | Morbidden the Tengu Air Elementalist began the quest for
                  | the Orb.
     0 | D:1      | Reached XP level 1. HP: 10/10 MP: 4/4
   124 | D:1      | Reached XP level 2. HP: 7/15 MP: 1/6
   508 | D:1      | Reached XP level 3. HP: 16/20 MP: 0/7
   804 | D:1      | Reached skill level 1 in Unarmed Combat
  1120 | D:2      | Reached skill level 1 in Fighting
  1507 | D:2      | Reached XP level 4. HP: 25/25 MP: 1/8
  1843 | D:3      | Reached skill level 5 in Air Magic
  1931 | D:3      | Gained mutation: You can fly continuously. [Tengu growth]
  1931 | D:3      | Reached XP level 5. HP: 25/29 MP: 1/9
  2235 | D:3      | Killed from afar by an orc priest

Skill      XL: |  1  2  3  4 |
---------------+-------------+-----
Unarmed Combat | 1 2 |  2.0
Fighting       | 1 |  1.6
Conjurations   | 2 |  2.5
Air Magic      | 5 |  5.1
Dodging        | |  2.5
Stealth        | |  2.2
Spellcasting   | |  2.6

Action                   |  1- 3 |  4- 6 || total
-------------------------+-------+-------++-------
Melee: Unarmed           |    31 |    18 ||    49
       Kick              |     7 |     6 ||    13
       Peck              |     4 |     6 ||    10
 Cast: Shock             |    72 |    44 ||   116
 Abil: Fly               |       |     1 ||     1
  Eat: Chunk             |     2 |     1 ||     3
       Ration            |       |     1 ||     1
Armor: Robe              |     5 |     2 ||     7
Dodge: Dodged            |    30 |     9 ||    39
